 Dungeon Crawl Stone Soup version 0.26.1-2-gb8aa6d0cf2 (webtiles) character file.

Game seed: 7686914361904144275

805 theEndsummarily the Ducker (level 7, -3/47 HPs)
             Began as an Octopode Transmuter on Feb 10, 2021.
             Was a Follower of Ashenzari.
             Shot with an arrow by a centaur (12 damage)
             ... on level 6 of the Dungeon on Feb 11, 2021.
             The game lasted 00:26:39 (5470 turns).

theEndsummarily the Ducker (Octopode Transmuter)    Turns: 5470, Time: 00:26:40

Health: -3/47      AC:  5    Str: 15    XL:     7   Next: 91%
Magic:  11/11      EV: 15    Int: 17    God:    Ashenzari [*.....]
Gold:   236        SH:  0    Dex: 12    Spells: 8/11 levels left

rFire    . . .     SeeInvis .   q - +9 dagger of Domination {flame, +Fly Str+5}
rCold    . . .     Faith    .   (no shield)
rNeg     . . .     Spirit   .   (helmet currently unavailable)
rPois    .         Reflect  .   k - amulet of regeneration (curse)
rElec    .         Harm     .   a - ring of fire
rCorr    .         Rampage  .   e - ring of ice
Will     +....                  h - +4 ring of protection (curse)
Stlth    +++.......             l - ring of willpower (curse)
HPRegen  0.55/turn              (no ring)
MPRegen  0.12/turn              (no ring)
                                (no ring)
                                (no ring)

@: appendages
A: almost no armour, stealthy swim, amphibious, 8 rings, constrict 8, tentacle
spike 3, camouflage 1, gelatinous body 1
a: End Transformation, Renounce Religion, Evoke Flight, Curse Item, Scrying


You were on level 6 of the Dungeon.
You worshipped Ashenzari.
Ashenzari was aware of your devotion.
One of your tentacles had a temporary spike.
You visited 2 branches of the dungeon, and saw 7 of its levels.

You collected 236 gold pieces.

Inventory:

Hand Weapons
 q - the +9 dagger of Domination (weapon) {flame, +Fly Str+5}
   (You found it on level 5 of the Dungeon)

   It has been specially enchanted to burn those struck by it, causing extra
   injury to most foes and up to half again as much damage against particularly
   susceptible opponents.
   It affects your strength (+5).
   It lets you fly.
Missiles
 d - 31 poisoned darts (quivered)
 p - 3 javelins
Jewellery
 a - a ring of fire (left tentacle)
 e - a ring of ice (right tentacle)
 h - a cursed +4 ring of protection (on tentacle)
 k - a cursed amulet of regeneration (around mantle)
 l - a cursed ring of willpower (on tentacle)
Wands
 u - a wand of polymorph (12)
 v - a wand of flame (25)
Scrolls
 b - 5 scrolls of identify
 c - 2 scrolls of blinking {unknown}
 i - a scroll of fear {unknown}
 j - 2 scrolls of enchant weapon {unknown}
 m - 2 scrolls of random uselessness {unknown}
 o - a scroll of magic mapping {unknown}
 r - a scroll of teleportation {unknown}
 s - a scroll of noise {unknown}
 t - a scroll of fog {unknown}
Potions
 f - 3 potions of haste {unknown}
 g - 3 potions of heal wounds
 n - a potion of lignification {unknown}
 w - a potion of might {unknown}


   Skills:
 + Level 3.9 Fighting
 + Level 4.3 Dodging
 + Level 4.1 Stealth
 + Level 4.2 Unarmed Combat
 - Level 2.8 Spellcasting
 + Level 3.6 Transmutations
 + Level 2.4 Ice Magic


You had 8 spell levels left.
You knew the following spells:

 Your Spells              Type           Power        Failure   Level
a - Beastly Appendage     Tmut           28%          4%          1
b - Wereblood             Tmut           14%          6%          2

Your spell library contained the following spells:

 Spells                   Type           Power        Failure   Level
 Spider Form              Tmut/Pois      4%           26%         3
 Ice Form                 Ice/Tmut       19%          45%         4
 Confusing Touch          Hex            2%           47%         3
 Gell's Gravitas          Tloc           1%           47%         3
 Petrify                  Tmut/Erth      8%           63%         4
 Blade Hands              Tmut           7%           75%         5
 Yara's Violent Unravell  Hex/Tmut       4%           93%         5
 Metabolic Englaciation   Hex/Ice        4%           96%         5


Dungeon Overview and Level Annotations

Branches:
Dungeon (6/15)             Temple (1/1) D:4

Altars:
Ashenzari
Cheibriados
Dithmenos
Elyvilon
Fedhas
Gozag
Hepliaklqana
Kikubaaqudgha
Makhleb
Nemelex Xobeh
Okawaru
Qazlal
Ru
Sif Muna
Trog
Uskayaw
Vehumet
Wu Jian
Xom
Yredelemnul
Zin
The Shining One


Innate Abilities, Weirdness & Mutations

You cannot wear most types of armour.
You are very stealthy in the water. (Stealth+)
You are amphibious.
You can wear up to eight rings at the same time.
You can use your tentacles to constrict eight enemies at once.
Your skin changes colour to match your surroundings (Stealth+).
Your rubbery body absorbs attacks. (AC +1, EV +1)
One of your tentacles bears a large vicious spike.


Message History

The arrow hits you.
The centaur shoots an arrow.
The arrow hits you!
The centaur unwields a +0 shortbow.
The centaur hits the bush but does no damage.
The centaur wields a +0 shortbow.
The centaur shoots an arrow.
The arrow barely misses you.
The centaur shoots an arrow.
The arrow hits you!
You see here an arrow.
The centaur wields a +0 shortbow.
The centaur shoots an arrow.
The arrow hits you!
* * * LOW HITPOINT WARNING * * *
The centaur shoots an arrow.
The arrow hits you!
* * * LOW HITPOINT WARNING * * *
Something hits the bush but does no damage.
The centaur unwields a +0 shortbow.
The centaur hits the bush.
The centaur hits the bush but does no damage.
You see here an arrow.
A leopard gecko comes into view.
The centaur wields a +0 shortbow.
The centaur shoots an arrow.
The arrow hits you!
You die...

# P.PPP......#
#.PPcPP.#....#
#...PP(......#
PP........#
##........#
#####.##(....######
.................>#
##########(######.#
#@# #.# #.# #.# #.#
#.# #..#####.#
.........###
.#.#####...## . ..
##.#..### .. .l
#.......# #...#...#


You could see a centaur and a leopard gecko (asleep).

Vanquished Creatures
  A sky beast (D:5)
  An ice beast (D:5)
  A phantom (D:5)
  An ogre (D:5)
  3 hounds
  An orc priest (D:4)
  A bullfrog skeleton (D:5)
  3 orc wizards
  Ijyb (D:5)
  3 worker ants
  2 adders (D:2)
  A white imp (D:5)
  6 worms
  A dart slug (D:3)
  3 leopard geckos
  3 orcs
  2 ball pythons (D:2)
  4 bats
  2 giant cockroaches
  3 goblins
  8 hobgoblins
  6 jackals
  3 frilled lizards (D:2)
  13 kobolds
  A leopard gecko skeleton (D:5)
  10 rats
84 creatures vanquished.

Notes
Turn   | Place    | Note
-------+----------+-------------------------------------------
     0 | D:1      | theEndsummarily the Octopode Transmuter began the quest for
                  | the Orb.
     0 | D:1      | Reached XP level 1. HP: 13/13 MP: 3/3
   124 | D:1      | Reached XP level 2. HP: 8/18 MP: 5/5
  1503 | D:2      | Reached skill level 1 in Stealth
  1503 | D:2      | Reached XP level 3. HP: 24/24 MP: 4/6
  1891 | D:2      | Learned a level 2 spell: Wereblood
  1988 | D:2      | Reached XP level 4. HP: 29/29 MP: 5/7
  2701 | D:3      | Found a burning altar of Makhleb.
  2890 | D:3      | Reached XP level 5. HP: 35/35 MP: 6/8
  3506 | D:4      | Found a staircase to the Ecumenical Temple.
  3514 | Temple   | Entered the Ecumenical Temple
  3572 | Temple   | Became a worshipper of Ashenzari the Shackled
  3689 | D:4      | Reached skill level 1 in Ice Magic
  3871 | D:4      | Reached XP level 6. HP: 31/41 MP: 9/9
  3878 | D:4      | Found a sparkling altar of Nemelex Xobeh.
  4327 | D:5      | Entered Level 5 of the Dungeon
  4327 | D:5      | Noticed a phantom
  4502 | D:5      | Reached * piety under Ashenzari
  4554 | D:5      | Reached XP level 7. HP: 44/46 MP: 11/11
  4852 | D:5      | Noticed Ijyb
  4863 | D:5      | Killed Ijyb
  5231 | D:5      | Got the dagger of Domination {flame, +Fly Str+5}
  5234 | D:5      | Identified the +9 dagger of Domination {flame, +Fly Str+5}
                  | (You found it on level 5 of the Dungeon)
  5412 | D:6      | Found a radiant altar of Vehumet.
  5455 | D:6      | Found a blossoming altar of Fedhas.
  5470 | D:6      | Shot with an arrow by a centaur

Illustrated notes

Levels and vault maps discovered:
D:1:      amcnicky_arrival_wind_blow, layout_basic, serial_co_window_serial,
          co_window_paths_a, co_window_of_opportunity_a, co_window_paths_b,
          co_window_cross_1, co_window_corner_a, co_window_broadway_b,
          co_window_cross_4, co_window_paths_c, glass_columns_a
D:2:      layout_basic, hangedman_decor_clover_reticule, fountainhead,
          amcnicky_mini_corridor_feature, minmay_increasing_density
D:3:      layout_loops_corners, serial_rivers, chequers_serial_rivers_small_b,
          chequers_serial_rivers_marsh, chequers_serial_rivers_micro_b,
          chequers_serial_rivers_marsh, chequers_serial_rivers_micro_a,
          kennysheep_flooded_box, makhleb_heckhound_becter
D:4:      layout_basic, minmay_temple_entry_mist, nemelex_lonely_heart_becter
D:5:      layout_gridville, uniq_ijyb
D:6:      layout_basic, vehumet_altar_wand_db, fedhas_bush_and_centaur_altar,
          uniq_sigmund
Temple:   nicolae_temple_the_god_donut

Skill      XL: |  1  2  3  4  5  6  7 |
---------------+----------------------+-----
Stealth        | 1 2 3 4 |  4.1
Fighting       | 2 3 |  3.9
Dodging        | 3 4 |  4.3
Ice Magic      | 1 2 |  2.4
Transmutations | 3 |  3.6
Unarmed Combat | 4 |  4.2
Spellcasting   | |  2.8

Action                   |  1- 3 |  4- 6 |  7- 9 || total
-------------------------+-------+-------+-------++-------
Melee: Unarmed           |    87 |   119 |    42 ||   248
       Constrict         |    27 |    27 |     6 ||    60
       Tentacles         |    13 |    23 |    13 ||    49
       Kick              |     6 |    17 |    20 ||    43
       Punch             |     3 |     4 |     2 ||     9
       Dagger            |       |       |    25 ||    25
Throw: Dart              |       |     6 |     1 ||     7
 Cast: Beastly Appendage |    12 |    26 |    11 ||    49
Invok: Curse Item        |       |     1 |     2 ||     3
  Use: Scroll            |       |     1 |       ||     1
 Stab: Sleeping          |     5 |    17 |       ||    22
Armor: Skin              |     8 |    14 |    13 ||    35
Dodge: Dodged            |    53 |    42 |    25 ||   120
